AoeStats
← BlueThunder581

Fortress

510230109Analyzed
3v3 RM · 2d ago on Sep 30, 2026· 58m 56s· 6 players
Game mode
Random Map
Map size
Large (8 player)
Population
200
Speed
Normal
Resources
Standard
Victory
Conquest
Starting age
Dark Age
Ending age
Imperial Age
RankedLock teamsTeams togetherTeam positionsShared explorationLock speedFull tech treeHidden civsTurbo modeCheats
Victory
Defeat
🇨🇦 Sicilians · Canada
828
+15
🇨🇦 Burgundians · Canada
818
+16
🇨🇦 Celts · Canada
798
+16
🇺🇸 Franks · United States
846
-17
792
-15
🇺🇸 Chinese · United States
787
-15
coralhansonmlbb
8:15 Feudal Age
10:22 Loom
13:17 Castle Age
11:26 Arson
11:27 Horse Collar
12:19 Double-Bit Axe
12:56 Man-at-Arms
14:06 Squires
14:06 Long Swordsman
15:13 Scale Mail Armor
16:11 Arson
17:21 Gambesons
21:17 Fletching
22:04 Forging
23:31 Iron Casting
23:11 Chain Mail Armor
26:03 Chain Mail Armor
25:43 Bodkin Arrow
38:05 Imperial Age
40:13 Wheelbarrow
40:08 First Crusade
39:33 Two-Handed Swordsman
40:44 Champion
41:44 Capped Ram
42:38 Elite Serjeant
45:13 Blast Furnace
44:44 Plate Mail Armor
45:33 Hoardings
46:35 Masonry
46:22 Murder Holes
46:15 Arrowslits
47:35 Chemistry
46:57 Ballistics
49:22 Siege Ram
50:54 Siege Engineers
50:55 Bracer
dangar_mdh
8:11 Feudal Age
12:47 Castle Age
11:06 Horse Collar
11:24 Double-Bit Axe
12:22 Loom
15:27 Heavy Plow
15:44 Bow Saw
21:23 Scale Mail Armor
21:33 Forging
30:00 Chain Mail Armor
30:21 Iron Casting
32:10 Wheelbarrow
32:03 Arson
35:17 Imperial Age
35:22 Capped Ram
38:15 Siege Ram
39:20 Scale Barding Armor
40:16 Blast Furnace
40:27 Siege Engineers
40:01 Elite Woad Raider
43:24 Gold Mining
49:26 Furor Celtica
49:38 Conscription
51:49 Plate Mail Armor
MehPickles
3:06 Double-Bit Axe
3:21 Horse Collar
8:18 Feudal Age
11:52 Castle Age
10:11 Bow Saw
12:14 Heavy Plow
13:58 Husbandry
15:24 Gold Mining
15:46 Scale Barding Armor
17:23 Forging
21:16 Chain Barding Armor
22:53 Wheelbarrow
22:59 Iron Casting
29:17 Imperial Age
31:06 Two-Man Saw
30:38 Conscription
29:41 Elite Coustillier
31:04 Plate Barding Armor
31:47 Blast Furnace
33:49 Hand Cart
35:53 Fervor
36:06 Sanctity
BlueThunder581
6:02 Loom
9:17 Feudal Age
10:16 Double-Bit Axe
10:13 Horse Collar
13:00 Gold Mining
17:01 Castle Age
15:07 Stone Mining
18:29 Bow Saw
18:26 Heavy Plow
18:36 Man-at-Arms
20:16 Forging
20:11 Squires
19:33 Long Swordsman
22:48 Scale Mail Armor
24:10 Fletching
27:47 Chain Mail Armor
31:38 Wheelbarrow
32:56 Husbandry
32:21 Light Cavalry
35:15 Padded Archer Armor
35:26 Scale Barding Armor
37:48 Thumb Ring
39:27 Bloodlines
44:13 Chain Barding Armor
45:08 Bodkin Arrow
50:16 Leather Archer Armor
56:27 Iron Casting
55:57 Murder Holes
pinkerton
9:16 Feudal Age
9:59 Double-Bit Axe
13:00 Loom
15:33 Castle Age
14:35 Forging
15:26 Fletching
15:43 Scale Barding Armor
17:15 Ordonnance Companies
18:01 Bodkin Arrow
20:34 Squires
21:24 Husbandry
25:49 Padded Archer Armor
32:43 Wheelbarrow
33:27 Leather Archer Armor
33:16 Loom
36:16 Imperial Age
34:22 Pikeman
38:22 Conscription
39:28 Iron Casting
38:54 Scale Mail Armor
39:43 Hand Cart
39:14 Town Watch
43:26 Chemistry
42:32 Siege Engineers
42:04 Cavalier
44:19 Chain Barding Armor
45:52 Plate Barding Armor
47:37 Blast Furnace
☯︎ PΔTΔS DΞ STΞΞL ☯
1:01 Loom
10:40 Feudal Age
14:27 Castle Age
13:58 Wheelbarrow
13:25 Double-Bit Axe
13:53 Horse Collar
14:56 Gold Mining
14:56 Stone Mining
15:32 Bow Saw
17:43 Heavy Plow
21:35 Gambesons
21:51 Squires
21:37 Arson
22:07 Forging
21:58 Scale Mail Armor
23:21 Hamask
24:37 Hand Cart
29:41 Imperial Age
31:01 Iron Casting
30:41 Chain Mail Armor
31:00 Conscription
30:49 Elite Jomsviking
32:15 Capped Ram
35:25 Northmen's Fury
35:56 Elite Varangian Guard
37:41 Blast Furnace
37:12 Plate Mail Armor
Connection lost

Rejoining the realm…

Still unreachable

The connection could not be restored.

Session expired

The server has moved on; the page needs a fresh start.